 Dungeon Crawl Stone Soup version 0.20.1-1-g8b1a95d (webtiles) character file.

2694 empire the Shield-Bearer (level 9, -1/79 HPs)
             Began as a Minotaur Fighter on Aug 3, 2017.
             Was a Follower of Nemelex Xobeh.
             Slain by a yak (14 damage)
             ... on level 7 of the Dungeon.
             The game lasted 00:08:43 (4498 turns).

empire the Shield-Bearer (Minotaur Fighter)         Turns: 4498, Time: 00:08:43

Health: -1/79      AC:  9    Str: 26    XL:     9   Next: 38%
Magic:  10/10      EV: 12    Int:  5    God:    Nemelex Xobeh [*.....]
Gold:   289        SH: 11    Dex: 13    Spells: 8/8 levels left

rFire    . . .     SeeInvis +   a - +0 long sword
rCold    . . .     Gourm    .   c - +0 shield
rNeg     . . .     Faith    .   b - +0 scale mail
rPois    .         Spirit   .   (helmet restricted)
rElec    .         Reflect  .   (no cloak)
rCorr    .         Harm     +   v - +0 pair of gloves
MR       .....                  (no boots)
Stlth    +.........             L - amulet of harm
Regen    0.3/turn               h - ring of see invisible
MPRegen  0.2/turn               r - ring of stealth

@: mighty
A: retaliatory headbutt, horns 2
a: Renounce Religion


You were on level 7 of the Dungeon.
You worshipped Nemelex Xobeh.
Nemelex Xobeh was aware of your devotion.
You were not hungry.

You visited 2 branches of the dungeon, and saw 8 of its levels.

You collected 289 gold pieces.

Inventory:

Hand Weapons
 a - a +0 long sword (weapon)
Armour
 b - a +0 scale mail (worn)
 c - a +0 shield (worn)
 v - a +0 pair of gloves (worn)
Magical Staves
 H - an uncursed staff of energy {unknown}
Jewellery
 h - a ring of see invisible (left hand)
 r - a ring of stealth (right hand)
 L - an amulet of harm (around neck)
Wands
 x - a wand of confusion (28/48)
 E - a wand of lightning (5/15)
Scrolls
 e - 2 scrolls of immolation {unknown}
 i - 2 scrolls of blinking {unknown}
 m - 3 scrolls of magic mapping {unknown}
 n - a scroll of fog {unknown}
 t - 2 scrolls of remove curse {unknown}
 w - a scroll of enchant weapon {unknown}
 y - 3 scrolls of teleportation {unknown}
 z - a scroll of amnesia {unknown}
 A - a scroll of fear {unknown}
 F - a scroll of identify
 I - a scroll of enchant armour {unknown}
Potions
 j - a potion of haste {unknown}
 l - a potion of flight {unknown}
 o - 4 potions of curing
 p - 2 potions of heal wounds
 u - a potion of berserk rage {unknown}
 B - a potion of invisibility {unknown}
 C - a potion of magic {unknown}
 D - a potion of lignification {unknown}
Books
 G - a book of Frost

   Spells                             Type                      Level
   a - Freeze                         Ice                          1
   b - Throw Frost                    Conjuration/Ice              2
   c - Ozocubu's Armour               Charms/Ice                   3
   d - Throw Icicle                   Conjuration/Ice              4
   e - Summon Ice Beast               Ice/Summoning                4
Miscellaneous
 k - a plain deck of destruction {drawn: 2}
 J - a plain deck of destruction
Comestibles
 f - 5 bread rations
 g - 2 meat rations
 q - 2 royal jellies
 s - 2 fruits
 K - 3 chunks of flesh


   Skills:
 + Level 7.2 Fighting
 + Level 7.1 Long Blades
 + Level 7.5 Armour
 + Level 5.6 Dodging
 + Level 7.7 Shields
 + Level 3.9 Invocations


You had 8 spell levels left.
You didn't know any spells.

Dungeon Overview and Level Annotations

Branches:
Dungeon (7/15)             Temple (1/1) D:5

Altars:
Ashenzari
Cheibriados
Dithmenos
Elyvilon
Fedhas
Gozag
Hepliaklqana
Kikubaaqudgha
Makhleb
Nemelex Xobeh
Okawaru
Qazlal
Ru
Sif Muna
Trog
Uskayaw
Vehumet
Xom
Yredelemnul
Zin
The Shining One

Shops:
D:5 =


Innate Abilities, Weirdness & Mutations

You reflexively headbutt those who attack you in melee.
You have a pair of horns on your head.


Message History

You kill the hog!
Your Long Blades skill increases to level 7!
The yak misses you. You furiously retaliate!
You headbutt the yak!! You barely miss the hog. Your headbutt misses the hog.
You block the hog's attack. The yak gores you!
* * * LOW HITPOINT WARNING * * *
The hog bites you but does no damage.
You slash the hog! Your headbutt misses the hog.
The hog is moderately wounded.
You block the yak's attack. The hog bites you!
* * * LOW HITPOINT WARNING * * *
You slash the hog! Your headbutt misses the hog.
The hog is almost dead.
You block the hog's attack. You block the yak's attack. The hog bites you.
* * * LOW HITPOINT WARNING * * *
You slash the hog!
You kill the hog!
The yak gores you!
You die...
Your body disappears without a glow.

######
####.....########
#..#.....#......#
#..###'###......#
#..#Y...%#......#
#..@)Y.%%####'######
##..#######.....##...
#....................
#....................
#....................
#....................
+....................
#....................
#....................


You could see 2 yaks.

Vanquished Creatures
  The ghost of Paps the Chopper, a novice TrFi of Qazlal (D:6)
  A human (D:7)
  2 hogs (D:7)
  Menkaure (D:4)
  A water moccasin (D:7)
  A sky beast (D:6)
  An ice beast (D:6)
  4 ogres
  Blork the orc (D:5)
  A bullfrog (D:6)
  A water moccasin skeleton (D:6)
  A howler monkey (D:6)
  A crimson imp (D:6)
  3 hounds
  An orc priest (D:5)
  A centaur zombie (D:7)
  3 bullfrog skeletons
  A jelly (D:5)
  2 centaur skeletons
  An orc wizard (D:7)
  An iguana (D:5)
  5 worker ants
  A hound zombie (D:7)
  Robin (D:2)
  6 gnolls
  10 adders
  2 adder zombies (D:6)
  2 oozes
  5 worms
  3 dart slugs
  4 leopard geckos
  4 orcs
  4 bats
  2 giant cockroaches
  11 goblins
  8 hobgoblins
  14 jackals
  A quokka (D:2)
  A ball python (D:7)
  6 frilled lizards
  5 kobolds
  10 rats
135 creatures vanquished.

Notes
Turn   | Place    | Note
-------+----------+-------------------------------------------
     0 | D:1      | empire the Minotaur Fighter began the quest for the Orb.
     0 | D:1      | Reached XP level 1. HP: 19/19 MP: 0/0
    72 | D:1      | Reached XP level 2. HP: 27/27 MP: 1/1
   437 | D:1      | Reached XP level 3. HP: 30/33 MP: 2/2
   642 | D:2      | Reached skill level 1 in Dodging
   889 | D:2      | Noticed Robin
   889 | D:2      | Found a faded altar of an unknown god.
   898 | D:2      | Reached XP level 4. HP: 33/40 MP: 3/3
   916 | D:2      | Killed Robin
  1176 | D:2      | Reached XP level 5. HP: 5/47 MP: 4/4
  1921 | D:4      | Found a hazy altar of Hepliaklqana.
  1922 | D:4      | Found a shattered altar of Ashenzari.
  1924 | D:4      | Found a blossoming altar of Fedhas.
  1966 | D:4      | Noticed Menkaure
  1972 | D:4      | Killed Menkaure
  1972 | D:4      | Reached skill level 5 in Shields
  1972 | D:4      | Reached XP level 6. HP: 55/55 MP: 5/5
  1987 | D:4      | Reached skill level 5 in Fighting
  2103 | D:4      | Reached skill level 5 in Armour
  2276 | D:5      | Entered Level 5 of the Dungeon
  2425 | D:5      | Found Bokozxesh's Jewellery Shop.
  2539 | D:5      | Reached XP level 7. HP: 55/61 MP: 6/6
  2541 | D:5      | Found a staircase to the Ecumenical Temple.
  2576 | Temple   | Entered the Ecumenical Temple
  2728 | Temple   | Became a worshipper of Nemelex Xobeh the Trickster
  2778 | D:5      | Reached skill level 5 in Long Blades
  2781 | D:5      | Received a gift from Nemelex Xobeh
  2781 | D:5      | Noticed Blork the orc
  2790 | D:5      | Killed Blork the orc
  2790 | D:5      | Reached skill level 1 in Invocations
  3299 | D:6      | Found a white marble altar of Elyvilon.
  3332 | D:6      | Received a gift from Nemelex Xobeh
  3344 | D:6      | Reached XP level 8. HP: 63/70 MP: 8/8
  3380 | D:6      | Noticed Paps's ghost (novice TrFi)
  3397 | D:6      | Killed Paps's ghost
  3523 | D:6      | Reached * piety under Nemelex Xobeh
  3781 | D:6      | Found a glowing silver altar of Zin.
  3782 | D:6      | Found an opulent altar of Gozag.
  3856 | D:6      | Reached skill level 5 in Dodging
  4186 | D:7      | Reached XP level 9. HP: 54/78 MP: 10/10
  4498 | D:7      | Slain by a yak

Skill      XL: |  1  2  3  4  5  6  7  8  9 |
---------------+----------------------------+-----
Shields        | 4 5 6 7 |  7.7
Long Blades    | 3 4 5 6 7 |  7.1
Fighting       | 4 5 6 7 |  7.2
Dodging        | 1 2 3 4 5 |  5.6
Armour         | 4 5 6 7 |  7.5
Invocations    | 2 3 |  3.9

Action                   |  1- 3 |  4- 6 |  7- 9 || total
-------------------------+-------+-------+-------++-------
Melee: Long sword        |    75 |   132 |   174 ||   381
       Headbutt          |    16 |    20 |    42 ||    78
Evoke: Deck              |       |       |     2 ||     2
  Use: Potion            |       |     1 |     3 ||     4
       Scroll            |       |       |     3 ||     3
  Eat: Chunk             |       |     6 |     6 ||    12
Armor: Scale mail        |    28 |    43 |    61 ||   132
Dodge: Dodged            |    27 |    63 |    70 ||   160
Block: Shield            |    36 |    77 |   112 ||   225
       Rpst.: Long sword |     7 |    17 |    23 ||    47
